 Dungeon Crawl Stone Soup version 0.21.1-1-g345015f (webtiles) character file.

1752 raistware the Destroyer (level 8, -3/52 HPs)
             Began as a Mummy Wizard on Apr 1, 2018.
             Slain by a shadow (12 damage)
             ... on level 8 of the Dungeon.
             The game lasted 00:53:18 (9413 turns).

raistware the Destroyer (Mummy Wizard)              Turns: 9413, Time: 00:53:19

Health: -3/52      AC: 11    Str: 10    XL:     8   Next: 78%
Magic:  2/18       EV: 12    Int: 19    God:
Gold:   356        SH:  0    Dex: 11    Spells: 8/21 levels left

rFire    + . .     SeeInvis .   i - +2 dagger (protect)
rCold    . . .     Gourm    .   (no shield)
rNeg     + + +     Faith    .   a - +0 robe
rPois    ∞         Spirit   .   b - +0 hat
rElec    .         Reflect  .   (no cloak)
rCorr    .         Harm     .   (no gloves)
MR       +....                  o - +1 pair of boots
Stlth    ++........             (no amulet)
HPRegen  0.17/turn              f - ring of protection from fire
MPRegen  0.16/turn              r - ring of fire

@: protection aura, very slightly contaminated
A: no food or potions, fire vulnerability, cold resistance 1, negative energy
resistance 3, torment resistance, unbreathing
a: no special abilities


You were on level 8 of the Dungeon.
You were not hungry.

You visited 1 branch of the dungeon, and saw 8 of its levels.
You visited the Abyss 1 time.

You collected 356 gold pieces.

Inventory:

Hand Weapons
 i - a +2 dagger of protection (weapon)
 k - a +0 dagger of venom
 s - a +2 dagger of freezing
 t - a +3 flail of crushing
Missiles
 q - 5 javelins of penetration (quivered)
Armour
 a - a +0 robe (worn)
 b - a +0 hat (worn)
 o - a +1 pair of boots (worn)
Magical Staves
 n - an uncursed staff of wizardry
Jewellery
 f - a ring of protection from fire (left hand)
 r - a ring of fire (right hand)
Wands
 p - a wand of paralysis (4)
Scrolls
 d - a scroll of enchant armour {unknown}
 e - 5 scrolls of enchant weapon
 g - a scroll of noise {unknown}
 h - 4 scrolls of remove curse
 j - a scroll of teleportation
 l - 5 scrolls of identify
 m - a scroll of amnesia {unknown}
Books
 c - a book of Minor Magic

   Spells                             Type                      Level
   a - Magic Dart                     Conjuration                  1
   b - Blink                          Translocation                2
   c - Call Imp                       Summoning                    2
   d - Slow                           Hexes                        2
   e - Conjure Flame                  Conjuration/Fire             3
   f - Mephitic Cloud                 Conjuration/Poison/Air       3


   Skills:
 - Level 1.5 Dodging
 - Level 1.5 Stealth
 + Level 7.2 Spellcasting
 + Level 8.5 Conjurations
 - Level 0.7 Summonings
 - Level 0.7 Translocations


You had 8 spell levels left.
You knew the following spells:

 Your Spells              Type           Power        Failure   Level  Hunger
a - Magic Dart            Conj           ####         1%          1    N/A
b - Blink                 Tloc           N/A          11%         2    N/A
c - Call Imp              Summ           #.......     11%         2    N/A
d - Slow                  Hex            #.......     16%         2    N/A
e - Conjure Flame         Conj/Fire      ####....     4%          3    N/A
f - Mephitic Cloud        Conj/Pois/Air  ###.....     9%          3    N/A

Dungeon Overview and Level Annotations

Branches:
Dungeon (8/15)
 Temple: D:4-7         Lair: D:8-11

Altars:
Dithmenos
Qazlal
Trog

Annotations:
D:4 Kairos's ghost, novice HuFi
D:7 1 transporter
D:8 Gastronok


Innate Abilities, Weirdness & Mutations

You do not eat or drink.
Your flesh is vulnerable to fire.
You are immune to poison.
Your flesh is cold resistant. (rC+)
You are immune to negative energy. (rN+++)
You are immune to unholy pain and torment.
You can survive without breathing.


Message History

You barely miss the shadow.
The shadow is heavily damaged.
The shadow hits you!
The howler monkey barely misses the orc wizard.
You are too injured to fight recklessly!
You are too injured to fight recklessly!
You hit the shadow but do no damage.
The shadow is heavily damaged.
The shadow hits you.
You hit the shadow.
The shadow is heavily damaged.
The shadow hits you.
The orc priest invokes the aid of Beogh against you.
Beogh smites you!
* * * LOW HITPOINT WARNING * * *
You feel a bit more experienced.
You hit the shadow but do no damage.
The shadow is heavily damaged.
The shadow hits you!
You die...

....... #.. .........#
##. ..........# #..
#..........# ##..
####...........##...
#.#.................
###..................
#..W.................
#o)#.#@..............).
#.#)###.................
$. .. #...............##
#$. ##)
#...............## #! ..
#..#............## . $#
#.###..#####.....# . ###
#..# #..#..# ##.#
##..###. #.# #.#.###.


You could see a shadow.

Vanquished Creatures
  Edmund (D:6)
  Menkaure (D:5)
  An orc warrior (D:7)
  An ice beast (D:5)
  A black bear (D:7)
  2 centaurs
  A bullfrog (D:6)
  A scorpion (D:5)
  2 crimson imps
  A hound (D:5)
  A jelly (D:5)
  2 orc priests
  3 iguanas
  A bullfrog skeleton (D:5)
  9 orc wizards
  3 worker ants
  3 gnolls (D:4)
  12 adders
  A shadow imp (D:6)
  2 adder zombies
  2 worms
  2 dart slugs
  3 leopard geckos
  25 orcs
  2 giant cockroaches
  6 goblins
  8 hobgoblins
  6 jackals (D:2)
  5 quokkas
  A ball python (D:3)
  7 bats
  4 frilled lizards
  8 kobolds
  A quokka skeleton (D:5)
  3 rats
132 creatures vanquished.

Vanquished Creatures (collateral kills)
  A sky beast (D:6)
  A water moccasin zombie (D:6)
  2 hounds
  An orc wizard (D:4)
  A worker ant (D:4)
  3 orcs (D:4)
  A giant cockroach (D:4)
  A jackal (D:2)
11 creatures vanquished.

Vanquished Creatures (others)
  An orc wizard (D:7)
  A giant cockroach (D:1)
2 creatures vanquished.

Grand Total: 145 creatures vanquished

Notes
Turn   | Place    | Note
-------+----------+-------------------------------------------
     0 | D:1      | raistware the Mummy Wizard began the quest for the Orb.
     0 | D:1      | Reached XP level 1. HP: 13/13 MP: 5/5
   110 | D:1      | Reached skill level 1 in Conjurations
   419 | D:1      | Reached XP level 2. HP: 19/19 MP: 7/7
   425 | D:1      | Learned a level 2 spell: Blink
   428 | D:1      | Learned a level 2 spell: Call Imp
   431 | D:1      | Learned a level 2 spell: Slow
   516 | D:1      | Reached skill level 2 in Conjurations
   619 | D:1      | Cast into level 1 of the Abyss (a distortion unwield)
   664 | Abyss:1  | Noticed a starcursed mass
   668 | Abyss:1  | Noticed a small abomination
   682 | Abyss:1  | Noticed a neqoxec
   737 | D:1      | Escaped the Abyss
   971 | D:2      | Reached XP level 3. HP: 21/24 MP: 3/8
   976 | D:2      | Learned a level 3 spell: Conjure Flame
  1625 | D:2      | Found a shadowy altar of Dithmenos.
  1827 | D:2      | Reached skill level 3 in Conjurations
  1866 | D:3      | Reached XP level 4. HP: 21/30 MP: 6/10
  2696 | D:3      | Paralysed by an orc for 2 turns
  2706 | D:3      | Reached skill level 4 in Conjurations
  2706 | D:3      | Reached XP level 5. HP: 35/35 MP: 1/11
  3082 | D:4      | Noticed Kairos's ghost (novice HuFi)
  3160 | D:4      | Found a bloodstained altar of Trog.
  3312 | D:5      | Entered Level 5 of the Dungeon
  3830 | D:4      | Reached skill level 5 in Conjurations
  3830 | D:4      | Reached XP level 6. HP: 41/41 MP: 5/12
  3835 | D:4      | Learned a level 3 spell: Mephitic Cloud
  4605 | D:4      | Reached skill level 6 in Conjurations
  5099 | D:5      | Reached XP level 7. HP: 46/46 MP: 7/13
  5307 | D:5      | Noticed Menkaure
  5427 | D:5      | Killed Menkaure
  6105 | D:5      | Reached skill level 7 in Conjurations
  7036 | D:6      | Reached XP level 8. HP: 50/52 MP: 9/14
  7140 | D:6      | Reached skill level 8 in Conjurations
  7181 | D:6      | Found a stormy altar of Qazlal.
  7297 | D:6      | Noticed Edmund
  7329 | D:6      | Killed Edmund
  7329 | D:6      | Reached skill level 5 in Spellcasting
  7484 | D:6      | Noticed a troll
  8357 | D:7      | Found a transporter.
  9073 | D:8      | Noticed Gastronok
  9413 | D:8      | Slain by a shadow

Skill      XL: |  1  2  3  4  5  6  7  8 |
---------------+-------------------------+-----
Conjurations   | 1 2 3 4 5 6 7 8 |  8.5
Spellcasting   | 7 |  7.2
Dodging        | |  1.5
Stealth        | |  1.5
Summonings     | |  0.7
Translocations | |  0.7

Action                   |  1- 3 |  4- 6 |  7- 9 || total
-------------------------+-------+-------+-------++-------
Melee: Whip              |    31 |       |       ||    31
       Dagger            |    41 |    94 |   104 ||   239
Throw: Javelin           |       |       |     8 ||     8
 Cast: Magic Dart        |    39 |   121 |   114 ||   274
       Call Imp          |     1 |    10 |    14 ||    25
       Blink             |     1 |       |     4 ||     5
       Mephitic Cloud    |       |     2 |    19 ||    21
       Conjure Flame     |       |       |    18 ||    18
Evoke: Wand              |       |       |     3 ||     3
  Use: Scroll            |       |     8 |       ||     8
 Stab: Sleeping          |     1 |     3 |     1 ||     5
       Paralysed         |       |       |     4 ||     4
       Confused          |       |       |     5 ||     5
       Distracted        |       |       |     1 ||     1
Armor: Robe              |    25 |    41 |    30 ||    96
Dodge: Dodged            |    64 |    77 |    77 ||   218
